 Dungeon Crawl Stone Soup version 0.18-a0-1745-gffa9a88 (webtiles) character file.

84436 Duffy the Severer (level 15, -5/139 HPs)
             Began as a Minotaur Wanderer on Apr 11, 2016.
             Was a High Priest of Trog.
             Killed by divine providence
             ... invoked by an orc priest
             ... led by an orc knight
              (12 damage)
             ... on level 1 of the Orcish Mines.
             The game lasted 00:36:07 (32572 turns).

Duffy the Severer (Minotaur Wanderer)              Turns: 32572, Time: 00:36:08

Health: -5/139     AC: 23    Str: 18    XL:     15   Next: 35%
Magic:  17/17      EV: 13    Int: 14    God:    Trog [*****.]
Gold:   1977       SH:  0    Dex: 18    Spells: 0 memorised, 14 levels left

rFire  . . .     SeeInvis .     I - +11 battleaxe of Compulsion {chop, Int+4 Stlth+}
rCold  . . .     Gourm    +     P - +5 chain mail of Freedom {+Inv MR+}
rNeg   . . .     Faith    .     (shield currently unavailable)
rPois  .         Spirit   .     q - +2 hat
rElec  .         Dismiss  .     x - +0 cloak (curse)
rCorr  +         Reflect  .     (no gloves)
SustAt .         Harm     .     Y - +0 pair of boots
MR     ++...                    V - amulet of Gocoschuo {Gourm Dex+4}
Stlth  ..........               (no ring)
                                v - ring of resist corrosion

@: exhausted, slowed, very slow, very resistant to hostile enchantments,
extremely unstealthy
A: retaliatory headbutt, horns 2, sense surroundings 1
a: Berserk, Trog's Hand, Brothers in Arms, Burn Spellbooks, Renounce Religion,
Evoke Invisibility


You were on level 1 of the Orcish Mines.
You worshipped Trog.
Trog was extremely pleased with you.
You were very full.

You visited 4 branches of the dungeon, and saw 22 of its levels.
You also visited: Labyrinth.

You collected 2011 gold pieces.
You spent 34 gold pieces at shops.


Innate Abilities, Weirdness & Mutations

You reflexively headbutt those who attack you in melee.
You have a pair of horns on your head.
You passively map a small area around you.


   Skills:
 - Level 14.6 Fighting
   Level 3.2 Short Blades
 + Level 18.7 Axes
 - Level 10.4 Throwing
 - Level 14.0 Armour
 - Level 9.0 Dodging
 - Level 1.0 Stealth
 - Level 5.0 Evocations


You had 14 spell levels left.
You didn't know any spells.

Inventory:

Hand Weapons
 a - a +6 antimagic executioner's axe
 I - the +11 battleaxe of Compulsion (weapon) {chop, Int+4 Stlth+}

   It inflicts extra damage upon your enemies.
   It affects your intelligence (+4).
   It makes you more stealthy.
Missiles
 c - 12 tomahawks of dispersal
 h - a throwing net
 K - 6 javelins of penetration (quivered)
 N - 9 poisoned javelins
Armour
 l - a +2 plate armour of poison resistance
 q - a +2 hat (worn)
 x - a cursed +0 cloak (worn)
 P - the +5 chain mail of Freedom (worn) {+Inv MR+}

   It affects your resistance to hostile enchantments.
   It lets you turn invisible.
 S - a +2 plate armour of fire resistance
 Y - a +0 pair of boots (worn)
Rods
 L - a +3 rod of ignition (12/12)
 Z - a +4 rod of inaccuracy (14/14)
Jewellery
 n - an uncursed ring of ice
 v - a ring of resist corrosion (left hand)
 V - the amulet of Gocoschuo (around neck) {Gourm Dex+4}

   [amulet of the gourmand]

   It allows you to eat raw meat even when not hungry.
   It affects your dexterity (+4).
Wands
 b - a wand of disintegration (12/24)
 y - a wand of lightning (10/15)
 G - a wand of acid (3/15)
 U - a wand of hasting (4/9)
 W - a wand of paralysis (9/24)
 X - a wand of teleportation (4/9)
Scrolls
 e - 12 scrolls of remove curse
 j - 3 scrolls of fog
 k - a scroll of enchant weapon
 r - 7 scrolls of teleportation
 s - 5 scrolls of magic mapping
 t - 5 scrolls of enchant armour
 D - 2 scrolls of recharging
 F - a scroll of fear
Potions
 d - a potion of flight
 i - 2 potions of might
 m - a potion of lignification
 o - a potion of magic
 p - a potion of brilliance
 B - 2 potions of haste
 C - 2 potions of berserk rage
 E - a potion of invisibility
 J - 4 potions of curing
 M - a potion of ambrosia
 Q - 2 potions of agility
Miscellaneous
 O - a phantom mirror
 R - a lamp of fire
Comestibles
 f - 16 bread rations
 g - 30 fruits
 u - a royal jelly
 w - 12 meat rations
 z - 2 slices of pizza
 A - 4 beef jerkies

Dungeon Overview and Level Annotations

Branches:
Dungeon (10/15)            Temple (0/1) D:7            Lair (8/8) D:8
  Swamp (0/4) Lair:6       Spider (0/4) Lair:4        Slime (2/6) Lair:7
    Orc (2/2) D:10            Elf (0/3) Orc:2

Altars:
Ashenzari
Cheibriados
Elyvilon
Fedhas
Gozag
Kikubaaqudgha
Makhleb
Pakellas
Ru
Sif Muna
Trog
Vehumet
Xom
Yredelemnul
Zin
The Shining One
Beogh

Shops:
Orc:1 ?

Annotations:
Lair:8 exclusion: oklob plant


Message History

Trog accepts your kill.
The orc knight roars a battlecry!
The orc warrior goes into a battle-frenzy!
The orc priest hits you but does no damage.
An orc warrior comes into view. It is wielding a scimitar.
The orc warrior shouts!
You slash the orc priest!
You kill the orc priest!
Trog accepts your kill.
You swing at nothing.
An orc priest comes into view.
Things that are here:
a dire flail; a chain mail; an orc corpse You swing at nothing.
An orc priest comes into view. It is wielding a war axe.
The orc priest shouts!
You slice the orc knight!!
The orc knight is severely wounded.
The orc knight hits you with a battleaxe!
The orc priest casts a cantrip, but nothing happens.
You hit the orc knight but do no damage.
The orc knight is severely wounded.
You closely miss the orc warrior. The orc warrior closely misses you.
You furiously retaliate!
You headbutt the orc warrior.
The orc priest calls down the wrath of Beogh upon you.
Beogh smites you!
The orc knight hits you with a battleaxe!
You slash the orc knight!
The orc knight is almost dead.
You slash the orc warrior!
The orc warrior is heavily wounded.
The orc warrior hits you with a war axe!
The orc priest calls down the wrath of Beogh upon you.
Beogh smites you!
You die...

## ##.#..)..#...######
###...[[.....#.##.###
##...................##
#......._.......#.....#
##.#................[##
##.#.#.............##[##
#...................[)[# #
#####................#..<.##.#
#.#............o@.#....#......#
...............o).............#
..#.##.........o#..#.........##
.....##....................###
......#....oo).........#.###
.#.........)............##
....................#...#
...................#...##
.#.##....##...#.#####.##


You could see an orc knight, 2 orc warriors and 2 orc priests.

Action                   |  1- 3 |  4- 6 |  7- 9 | 10-12 | 13-15 || total
-------------------------+-------+-------+-------+-------+-------++-------
Melee: Short sword       |    45 |       |       |       |       ||    45
       Hand axe          |    81 |     7 |       |       |       ||    88
       War axe           |       |   127 |   460 |   253 |       ||   840
       Broad axe         |       |       |       |   344 |    59 ||   403
       Battleaxe         |       |       |       |       |  1047 ||  1047
       Executioner's axe |       |       |       |       |    51 ||    51
Throw: Tomahawk          |       |       |       |       |     4 ||     4
Invok: Burn Spellbooks   |       |     1 |     2 |     3 |     1 ||     7
       Berserk           |       |     2 |    10 |    15 |    23 ||    50
       Trog's Hand       |       |       |       |     1 |     3 ||     4
       Brothers in Arms  |       |       |       |       |     3 ||     3
Evoke: Wand              |       |       |       |     5 |     2 ||     7
  Use: Scroll            |     6 |     3 |     5 |     6 |    15 ||    35
       Potion            |       |       |       |     3 |     4 ||     7
 Stab: Confused          |       |       |       |     2 |       ||     2
       Paralysed         |       |       |       |       |     4 ||     4
  Eat: Chunk             |     4 |     8 |    22 |    59 |    71 ||   164
       Pizza             |       |       |     6 |       |       ||     6
       Fruit             |       |       |     2 |       |       ||     2
       Beef jerky        |       |       |       |     2 |       ||     2

Notes
Turn   | Place    | Note
--------------------------------------------------------------
     0 | D:1      | Duffy the Minotaur Wanderer began the quest for the Orb.
     0 | D:1      | Duffy set off with: a lamp of fire, a +0 spear, a +0 short sword, a +0 robe, a bread ration
     0 | D:1      | Reached XP level 1. HP: 22/22 MP: 1/1
    29 | D:1      | Reached skill level 2 in Evocations
   283 | D:1      | Reached XP level 2. HP: 28/28 MP: 2/2
  1047 | D:1      | Reached skill level 1 in Axes
  1215 | D:1      | Reached XP level 3. HP: 35/35 MP: 4/4
  1423 | D:2      | Reached skill level 2 in Axes
  1471 | D:2      | Found a bloodstained altar of Trog.
  1481 | D:2      | Became a worshipper of Trog the Wrathful
  1892 | D:2      | Reached skill level 3 in Axes
  1893 | D:2      | Found a burning altar of Makhleb.
  2113 | D:2      | Reached XP level 4. HP: 41/41 MP: 5/5
  2131 | D:3      | Reached skill level 4 in Axes
  2434 | D:3      | Reached * piety under Trog
  3017 | D:4      | Noticed Keker's ghost (amateur GrFi)
  3028 | D:3      | Reached XP level 5. HP: 35/47 MP: 6/6
  3126 | D:4      | Killed Keker's ghost
  3126 | D:4      | Reached skill level 6 in Axes
  3126 | D:4      | Reached XP level 6. HP: 31/55 MP: 7/7
  3442 | D:4      | Reached skill level 7 in Axes
  3559 | D:4      | Found a shimmering altar of Xom.
  3598 | D:4      | Reached skill level 1 in Armour
  3647 | D:4      | Reached ** piety under Trog
  3811 | D:4      | Reached skill level 2 in Armour
  3934 | D:4      | Reached XP level 7. HP: 60/60 MP: 8/8
  3941 | D:4      | Reached skill level 3 in Armour
  4128 | D:4      | Found an opulent altar of Gozag.
  4204 | D:4      | Reached skill level 8 in Axes
  4243 | D:4      | Reached skill level 4 in Armour
  4399 | D:5      | Entered Level 5 of the Dungeon
  4713 | D:5      | Found a sacrificial altar of Ru.
  4758 | D:5      | Reached skill level 5 in Armour
  4773 | D:5      | Reached XP level 8. HP: 18/67 MP: 9/9
  5173 | D:5      | Noticed Edmund
  5176 | D:5      | Reached skill level 9 in Axes
  5190 | D:5      | Killed Edmund
  5298 | D:5      | Reached *** piety under Trog
  5683 | D:5      | Reached skill level 10 in Axes
  5904 | D:6      | Found an oddly glowing altar of Pakellas.
  5906 | D:6      | Found a blossoming altar of Fedhas.
  5917 | D:6      | Found a basalt altar of Yredelemnul.
  6186 | D:6      | Reached skill level 11 in Axes
  6629 | D:6      | Found a shattered altar of Ashenzari.
  6632 | D:6      | Received a gift from Trog
  6675 | D:6      | Found an ancient bone altar of Kikubaaqudgha.
  6680 | D:6      | Found a snail-covered altar of Cheibriados.
  6963 | D:7      | Reached skill level 12 in Axes
  6963 | D:7      | Reached XP level 9. HP: 73/73 MP: 10/10
  7055 | D:7      | Noticed Joseph
  7084 | D:7      | Killed Joseph
  7084 | D:7      | Reached skill level 13 in Axes
  7378 | D:7      | Found a staircase to the Ecumenical Temple.
  7999 | D:8      | Found a staircase to the Lair.
  8024 | D:8      | Noticed Prince Ribbit
  8059 | D:7      | Reached **** piety under Trog
  8416 | D:7      | Reached skill level 14 in Axes
  8495 | D:7      | Killed Prince Ribbit
  8853 | D:8      | Found a radiant altar of Vehumet.
  9063 | D:8      | Noticed Maurice
  9072 | D:8      | Killed Maurice
  9075 | D:8      | Reached skill level 15 in Axes
  9075 | D:8      | Reached XP level 10. HP: 80/80 MP: 11/11
  9172 | D:8      | Found a glowing silver altar of Zin.
  9337 | D:8      | Found a glowing golden altar of the Shining One.
  9339 | D:8      | Noticed Erolcha
  9354 | D:8      | Killed Erolcha
  9354 | D:8      | Reached skill level 5 in Fighting
  9354 | D:8      | Reached skill level 6 in Armour
 10537 | D:9      | Reached skill level 6 in Fighting
 10661 | D:9      | Reached skill level 7 in Armour
 10671 | D:9      | Reached ***** piety under Trog
 10783 | D:9      | Received a gift from Trog
 10783 | D:9      | Reached skill level 7 in Fighting
 11161 | D:10     | Entered Level 10 of the Dungeon
 11557 | D:10     | Noticed Maud
 11751 | Lair:1   | Entered Level 1 of the Lair of Beasts
 11790 | Lair:1   | Reached skill level 8 in Armour
 11791 | Lair:1   | Noticed a five-headed hydra
 11808 | Lair:1   | Killed an 11-headed hydra
 11813 | Lair:1   | Reached skill level 16 in Axes
 11813 | Lair:1   | Reached XP level 11. HP: 93/94 MP: 12/12
 12138 | Lair:1   | Reached skill level 8 in Fighting
 12138 | Lair:1   | Reached skill level 1 in Throwing
 12151 | Lair:1   | Got a faintly glowing platinum amulet
 12152 | Lair:1   | Identified the amulet of Gocoschuo {Gourm Dex+4} (You found it on level 1 of the Lair of Beasts)
 12341 | Lair:1   | Reached skill level 2 in Throwing
 12754 | Lair:1   | Received a gift from Trog
 12754 | Lair:1   | Reached skill level 3 in Throwing
 12896 | Lair:2   | Reached skill level 9 in Armour
 13237 | Lair:2   | Reached skill level 4 in Throwing
 13382 | Lair:2   | Reached skill level 5 in Throwing
 14351 | Lair:2   | Noticed a seven-headed hydra
 14363 | Lair:2   | Killed an 11-headed hydra
 14363 | Lair:2   | Reached skill level 6 in Throwing
 14707 | Lair:3   | Reached skill level 17 in Axes
 14872 | Lair:3   | Reached XP level 12. HP: 88/103 MP: 13/13
 14969 | Lair:3   | Reached skill level 7 in Throwing
 16154 | Lair:2   | Reached skill level 8 in Throwing
 16507 | Lair:3   | Reached skill level 18 in Axes
 16628 | Lair:3   | Noticed a five-headed hydra
 16638 | Lair:3   | Killed a nine-headed hydra
 16638 | Lair:3   | Reached skill level 9 in Throwing
 17951 | Lair:4   | Found a hole to the Spider Nest.
 17958 | Lair:4   | Reached skill level 10 in Throwing
 18395 | Lair:4   | Received a gift from Trog
 18557 | Lair:5   | Reached skill level 1 in Dodging
 18654 | Lair:5   | Reached skill level 9 in Fighting
 18871 | Lair:5   | Noticed a four-headed hydra
 18875 | Lair:5   | Reached skill level 2 in Dodging
 18901 | Lair:5   | Killed a 12-headed hydra
 18901 | Lair:5   | Reached XP level 13. HP: 80/111 MP: 14/14
 19951 | Lair:5   | Reached skill level 3 in Dodging
 19971 | Lair:5   | Received a gift from Trog
 19975 | Lair:5   | Reached skill level 10 in Armour
 20200 | Lair:5   | Reached skill level 4 in Dodging
 20285 | Lair:6   | Reached skill level 10 in Fighting
 20986 | Lair:6   | Reached skill level 5 in Dodging
 21661 | Lair:7   | Reached skill level 11 in Armour
 21692 | Lair:8   | Entered Level 8 of the Lair of Beasts
 21828 | Lair:7   | Noticed a dire elephant
 21838 | Lair:7   | Reached skill level 6 in Dodging
 21841 | Lair:7   | Killed a dire elephant
 21841 | Lair:7   | Reached skill level 11 in Fighting
 21914 | Lair:7   | Reached skill level 7 in Dodging
 22131 | Lair:7   | Found a staircase to the Slime Pits.
 22150 | Slime:1  | Entered Level 1 of the Pits of Slime
 22449 | Lair:7   | Reached skill level 12 in Armour
 22449 | Lair:7   | Reached XP level 14. HP: 103/125 MP: 5/15
 22456 | Lair:7   | Received a gift from Trog
 22852 | Lair:7   | Noticed Nessos
 22868 | Lair:7   | Killed Nessos
 22921 | Lair:6   | Reached skill level 8 in Dodging
 23300 | Lair:6   | Found a staircase to the Swamp.
 23430 | Lair:6   | Reached skill level 12 in Fighting
 23463 | Lair:6   | Received a gift from Trog
 23778 | Lair:7   | Found a shimmering altar of Xom.
 25324 | Lair:8   | Received a gift from Trog
 25377 | Lair:8   | Got a spiked chain mail
 25388 | Lair:8   | Identified the +5 chain mail of Freedom {+Inv MR+} (You found it on level 8 of the Lair of Beasts)
 25434 | Lair:8   | Reached skill level 3 in Evocations
 25796 | Lair:8   | Reached skill level 13 in Armour
 25990 | Lair:8   | Reached skill level 4 in Evocations
 27042 | Lair:8   | Reached skill level 5 in Evocations
 27707 | Lair:8   | Reached skill level 14 in Armour
 27707 | Lair:8   | Reached skill level 9 in Dodging
 27852 | Lair:8   | Reached skill level 13 in Fighting
 28128 | Lair:8   | Found a white marble altar of Elyvilon.
 28152 | Lair:8   | Received a gift from Trog
 29098 | D:9      | Killed Maud
 29192 | D:10     | Received a gift from Trog
 29506 | D:10     | Reached XP level 15. HP: 137/137 MP: 5/17
 29550 | D:10     | Found a staircase to the Orcish Mines.
 29626 | D:10     | Gained mutation: You passively map a small area around you. [potion of beneficial mutation]
 29685 | D:10     | Received a gift from Trog
 29799 | D:10     | Reached skill level 14 in Fighting
 29807 | D:10     | Reached ****** piety under Trog
 29925 | D:10     | Received a gift from Trog
 30026 | Orc:1    | Entered Level 1 of the Orcish Mines
 30107 | Orc:1    | Found a roughly hewn altar of Beogh.
 30170 | Orc:2    | Entered Level 2 of the Orcish Mines
 30245 | Orc:1    | Found a deep blue altar of Sif Muna.
 30431 | Orc:2    | Found a labyrinth entrance.
 30436 | Lab      | Entered a labyrinth
 30440 | Lab      | Noticed namelastname112's ghost (journeyman DrCK)
 30594 | Lab      | Killed namelastname112's ghost
 30924 | Lab      | Found an exit through the horrors of the Abyss.
 31025 | Lab      | Got a polished battleaxe {chop}
 31026 | Lab      | Identified the +11 battleaxe of Compulsion {chop, Int+4 Stlth+} (You took it off a minotaur in a labyrinth)
 31189 | Orc:1    | Found Follec's Magic Scroll Emporium.
 31261 | Orc:1    | Bought a scroll of identify for 34 gold pieces
 31626 | Orc:2    | Found a staircase to the Elven Halls.
 31724 | Orc:2    | Received a gift from Trog
 32532 | Orc:2    | Noticed an orc warlord
 32543 | Orc:2    | Received a gift from Trog
 32554 | Orc:1    | Killed an orc warlord
 32572 | Orc:1    | Killed from afar by an orc priest

Vault maps used:
D:1:      dpeg_arrival_round_c
D:2:      bloody_makhleb, overflow_temple_1_default
D:3:      first_bread
D:4:      corexii_shack_village, xom_teletrap_fun, nicolae_gozag_seed_capital
D:5:      kennysheep_little_box, gup_sewer_entry_bubbles,
          guppyfry_early_orc_mine, uniq_edmund
D:6:      grunt_temple_overflow_open, minmay_overflow_temple_star_quad
D:7:      minmay_temple_entry_overgrown, grunt_livestock, nrook_uturn,
          uniq_joseph
D:8:      kennysheep_mini_moat, nicolae_overflow_hidden_temple,
          lemuel_crystal_altar, lair_0_dummy, uniq_prince_ribbit1, uniq_erolcha,
          uniq_maurice
D:9:      minmay_misc_feat_nine_boxes
D:10:     minmay_orc_entry_guard_dogs, serial_curves, eino_curves_03,
          eino_curves_01, uniq_maud
Lair:1:   serial_bayou_shore_b
Lair:2:   wad_woods_river_01, grunt_megastairs_4
Lair:3:   serial_bayou_shore_b, grunt_megastairs_2
Lair:4:   dummy_spider_entry, beast_lair_carwin_1
Lair:5:   grunt_forest_large_clearings
Lair:6:   onia_ninara_swampy_vault, swamp_mist_pool, st_stairs_13,
          lemuel_fruit_tree
Lair:7:   beast_lair_carwin_large_4, slime_dummy, basic_altar, uniq_nessos
Lair:8:   minmay_lair_end_enchanted_forest, lemuel_centaur_altar,
          bh_autumn_forest_stairs, grunt_megastairs_5
Orc:1:    serial_shops, shop_scrolls, basic_altar, led_sif_book
Orc:2:    st_orc_elflike, lab_entry_generic, nicolae_orc_flooded_monolith
Lab:      labyrinth_spiral, nicolae_lab_dead_end, nicolae_lab_x,
          labyrinth_skeletal_remains, labyrinth_fake_exit, nicolae_lab_blocks,
          nicolae_lab_statue

Vanquished Creatures
  Maud
  An orc warlord
  A stone giant Nessos
  A dire elephant
  The ghost of namelastname112 the Carver, a journeyman DrCK of Xom
  A minotaur
  11 hydras
  A centaur warrior Erolcha
  An orc high priest
  A fire crab
  An unseen horror
  A swamp dragon
  2 griffons
  2 orc sorcerers
  5 orc knights
  A deep elf mage
  A cyclops
  A slime creature Joseph Maurice
  33 elephants
  9 black mambas
  18 spiny frogs
  2 torpor snails
  5 rime drakes
  19 komodo dragons
  2 spriggan druids
  A two-headed ogre
  5 polar bears Prince Ribbit
  2 boulder beetles
  13 blink frogs
  The ghost of Keker the Cudgeler, an amateur GrFi
  7 redbacks
  15 spriggans
  A hog
  A human
  59 yaks
  2 basilisks
  A vampire mosquito
  9 hippogriffs
  3 hungry ghosts Edmund
  8 wargs
  3 swamp worms
  18 water moccasins
  20 porcupines
  An eye of draining
  21 orc warriors
  3 sky beasts
  6 black bears
  A swamp drake
  A necrophage
  2 wasps
  10 ogres
  23 wolves
  6 centaurs
  20 crocodiles
  A big kobold
  12 giant frogs
  A wyvern skeleton
  3 scorpions
  19 killer bees
  A water moccasin skeleton
  An electric eel
  A giant frog zombie
  3 centaur zombies
  A quasit
  8 crimson imps
  3 hounds
  A jelly
  17 orc wizards
  2 centaur skeletons
  16 orc priests
  A gnoll shaman
  5 iguanas
  4 hell rats
  9 worker ants
  9 sheep
  A hound skeleton
  A howler monkey zombie
  10 adders
  10 gnolls
  A howler monkey skeleton
  36 river rats
  2 shadow imps
  An ooze
  An adder zombie
  6 worms
  An adder skeleton
  5 dart slugs
  4 giant geckos
  78 orcs
  8 giant cockroaches
  10 goblins
  12 hobgoblins
  15 jackals
  9 kobolds
  4 quokkas
  3 ball pythons
  8 bats
  A giant gecko skeleton
  4 giant newts
  7 rats
  A bush
  58 fungi
  25 plants
831 creatures vanquished.
